Map: Acid Plant LE

Players

fruitcake - Winner!

  • Race: Terran Terran
  • Spawn Location: 5:00

ZESTisBEST

  • Race: Protoss Protoss
  • League: Master
  • Spawn Location: 11:00

VOD

Have the link to the VOD?

Description

Time

  • Played on: May 11, 2018, 5:26 p.m.
  • Length: 4:32
Show
View Real Time Build Order
Export as new Build Order

fruitcake Terran - Winner!

Build Orders:  

Get SALT Encoding   

  12  0:00  SCV  
  13  0:16  Supply Depot  
  13  0:17  SCV  
  14  0:25  Refinery  
  14  0:29  SCV  
  15  0:47  Barracks  
  15  0:49  SCV  
  16  1:01  SCV  
  17  1:13  SCV  
  18  1:25  SCV  
  19  1:31  Supply Depot  
  19  1:37  SCV  
  19  1:38  Marine  
  21  1:49  SCV  
  21  1:53  Barracks  
  22  1:56  Marine  
  23  2:09  SCV  
  23  2:12  Supply Depot  
  23  2:14  Marine  
  25  2:17  Refinery  
  25  2:29  Factory  
  25  2:31  Marine  
  26  2:39  SCV  
  27  2:49  Marine  
  28  2:51  Barracks Reactor  
  28  3:02  Engineering Bay  
  28  3:05  Engineering Bay  
  28  3:09  Orbital Command  
  29  3:29  Marine x2  
  29  3:31  Barracks Tech Lab, Barracks Reactor  
  30  3:36  Factory Tech Lab  
  30  3:51  Marine x2  
  30  3:52  Marauder  
  30  3:53  Starport  
  34  4:09  Marine x2  
  36  4:15  Supply Depot  
Show
View Real Time Build Order
Export as new Build Order

ZESTisBEST Protoss 

Build Orders:  

Get SALT Encoding   

  12  0:01  Probe  
  13  0:13  Probe  
  14  0:19  Pylon  
  14  0:25  Probe  
  15  0:33  Probe  
  15  0:39  Gateway  
  15  0:41  Probe  
  17  0:51  Assimilator, Probe  
  18  0:59  Assimilator  
  18  1:03  Probe  
  19  1:17  Gateway, Probe  
  20  1:29  Cybernetics Core  
  20  1:30  Probe  
  21  1:42  Pylon, Probe  
  22  1:54  Probe  
  22  1:59  Stalker x2  
  23  2:07  Probe  
  24  2:10  Warp Gate  
  24  2:14  Pylon  
  28  2:19  Probe  
  29  2:43  Nexus  
  29  2:51  Stalker  
  31  2:54  Sentry  
  33  3:03  Probe  
  34  3:10  Robotics Facility  
  34  3:20  Pylon  
  34  3:23  Probe  
  35  3:35  Probe  
  35  3:37  Shield Battery  
  36  3:46  Stalker  
  36  3:47  Probe, Sentry  
  41  3:52  Observer  
  41  3:57  Probe  
  41  3:59  Probe  
  44  4:06  Probe  
  45  4:11  Probe  
  45  4:14  Probe  
  45  4:16  Forge  
Tags
 
Add a new tag
Caveats
  • Supply blocks, unpowered buildings, or Contaminate may cause inaccurate times.
  • Supply counts are checked every 10 seconds.